 Dungeon Crawl Stone Soup version 0.21.1-1-g345015f (webtiles) character file.

35 letownia2 the Chiller (level 3, 0/16 HPs)
             Began as a Vine Stalker Ice Elementalist on Feb 24, 2018.
             Was an Initiate of Sif Muna.
             Succumbed to an adder's poison
             ... on level 3 of the Dungeon.
             The game lasted 00:03:03 (402 turns).

letownia2 the Chiller (VSIE)                         Turns: 402, Time: 00:03:04

Health: 0/16       AC:  3    Str: 10    XL:     3   Next: 35%
Magic:  0/8        EV: 12    Int: 16    God:    Sif Muna [......]
Gold:   16         SH:  0    Dex: 14    Spells: 3/7 levels left

rFire    . . .     SeeInvis .   d - +0 short sword
rCold    . . .     Gourm    +   (no shield)
rNeg     . . .     Faith    .   a - +0 robe
rPois    .         Spirit   +   (no helmet)
rElec    .         Reflect  .   (no cloak)
rCorr    .         Harm     .   (no gloves)
MR       .....                  h - +0 pair of boots
Stlth    ++........             k - amulet of the gourmand
HPRegen  0.05/turn              (no ring)
MPRegen  0.11/turn              (no ring)

@: lethally poisoned (0 -> -8)
A: fangs 2, magic shield, antimagic bite, no potion heal 3, rot immunity
a: Renounce Religion


You were on level 3 of the Dungeon.
You worshipped Sif Muna.
Sif Muna was noncommittal.
You were not hungry.

You visited 1 branch of the dungeon, and saw 4 of its levels.

You collected 16 gold pieces.

Inventory:

Hand Weapons
 d - a +0 short sword (weapon)
 g - a +2 vampiric dagger
Armour
 a - a +0 robe (worn)
 h - a +0 pair of boots (worn)
Jewellery
 k - an amulet of the gourmand (around neck)
Scrolls
 e - a scroll of remove curse {unknown}
 i - a scroll of enchant armour {unknown}
 j - a scroll of magic mapping {unknown}
 l - a scroll of immolation {unknown}
Books
 b - a book of Frost

   Spells                             Type                      Level
   a - Freeze                         Ice                          1
   b - Throw Frost                    Conjuration/Ice              2
   c - Ozocubu's Armour               Charms/Ice                   3
   d - Throw Icicle                   Conjuration/Ice              4
   e - Summon Ice Beast               Ice/Summoning                4
Comestibles
 c - 2 rations


   Skills:
 - Level 1.7 Dodging
 - Level 2.6 Stealth
 - Level 2.7 Spellcasting
   Level 1.0 Conjurations
 + Level 0.5 Charms
 + Level 3.7 Ice Magic


You had 3 spell levels left.
You knew the following spells:

 Your Spells              Type           Power        Failure   Level  Hunger
a - Freeze                Ice            ##..         4%          1    #......
o - Ozocubu's Armour      Chrm/Ice       #.......     24%         3    ###....


Dungeon Overview and Level Annotations

Branches:
Dungeon (4/15)
 Temple: D:4-7

Altars:
Sif Muna


Innate Abilities, Weirdness & Mutations

You have extremely sharp teeth.
When hurt, damage is shared between your health and your magic reserves.
Your bite disrupts and absorbs the magic of your enemies.
Potions cannot restore your health.
You are immune to rotting.


Message History

The adder poisons you!
Unknown command.
Unknown command.
It was a potion of curing.
Your system rejects the healing.
You feel better. The adder barely misses you. The kobold misses you.
The adder bites you.
* * * LOW HITPOINT WARNING * * *
You are lethally poisoned!
The adder poisons you!
Unknown command.
Okay, then.
Put on which piece of jewellery? (? for menu, Esc to quit)
Okay, then.
You hit the adder. Your bite misses the adder.
The adder is heavily wounded.
* * * LOW HITPOINT WARNING * * *
You feel sick. The kobold hits you but does no damage.
The adder completely misses you. The kobold misses you.
You hit the adder. Your bite misses the adder.
The adder is almost dead.
You die...

########### ############
#......)... ........S@.#
#.######### ........##K#
#)# ........##(#####.#
#..............#
##...((.......##########
##.####.####...........
#. #.# #..######### #
#.# #..# ..# #..#


You could see an adder and a kobold.

Vanquished Creatures
  An adder (D:3)
  A dart slug (D:1)
  A leopard gecko (D:3)
  5 orcs
  2 bats
  A giant cockroach (D:3)
  3 goblins
  A hobgoblin (D:3)
  A ball python (D:3)
  3 frilled lizards (D:3)
  A rat (D:1)
20 creatures vanquished.

Notes
Turn   | Place    | Note
-------+----------+-------------------------------------------
     0 | D:1      | letownia2 the Vine Stalker Ice Elementalist began the quest for the Orb.
     0 | D:1      | Reached XP level 1. HP: 9/9 MP: 4/4
    55 | D:1      | Reached XP level 2. HP: 13/13 MP: 3/6
    63 | D:3      | Found a deep blue altar of Sif Muna.
    67 | D:3      | Became a worshipper of Sif Muna the Loreminder
   189 | D:3      | Reached XP level 3. HP: 6/16 MP: 0/8
   194 | D:3      | Learned a level 3 spell: Ozocubu's Armour
   402 | D:3      | Succumbed to an adder's poison

Action                   || total
-------------------------++-------
Melee: Unarmed           ||     4
       Bite              ||     3
       Short sword       ||    19
 Cast: Freeze            ||    36
  Use: Potion            ||     1
Armor: Robe              ||    14
Dodge: Dodged            ||    38
